 Dungeon Crawl Stone Soup version 0.31-a0-1576-ga3383bade6 (webtiles) character file.

Game seed: 8341763551304369087

11284 grandjackal the Fighter (level 11, -4/95 HPs)
             Began as a Demonspawn Gladiator on Jan 4, 2024.
             Was a Priest of Fedhas.
             Slain by a yak (13 damage)
             ... on level 10 of the Dungeon.
             The game lasted 00:16:47 (11549 turns).

grandjackal the Fighter (Demonspawn Gladiator)     Turns: 11549, Time: 00:16:48

Health: -4/95      AC: 13    Str: 18    XL:     11   Next: 47%
Magic:  18/18      EV: 12    Int:  8    God:    Fedhas [***...]
Gold:   1408       SH:  4    Dex: 16    Spells: 10/10 levels left

rFire   . .          .
                       - Unarmed
rCold   . . .        (no shield)
rNeg    . . .        B - +3 ring mail
rPois   .            c - +0 helmet
rElec   .            w - +0 cloak
rCorr   .            (gloves unavailable)
SInv    .            p - +0 pair of boots
Will    .....        (no amulet)
Stlth   +            (no ring)
HPRegen 0.35/turn    (no ring)
MPRegen 0.32/turn

%: no passive effects
@: about to teleport
A: thin metallic scales 1, magic regeneration, condensation shield, corrupting
presence 1, demonic touch 3
a: Renounce Religion, Wall of Briars, Grow Ballistomycete


You were on level 10 of the Dungeon.
You worshipped Fedhas.
Fedhas was most pleased with you.
You visited 2 branches of the dungeon, and saw 11 of its levels.
You also visited: Bailey.

You collected 1426 gold pieces.
You spent 18 gold pieces at shops.

Inventory:

Hand Weapons
 a - a +0 war axe
 g - a +2 dagger of venom
Missiles
 e - a javelin
 o - 13 poisoned darts
 s - a curare-tipped dart
Armour
 c - a +0 helmet (worn)
 p - a +0 pair of boots (worn)
 w - a +0 cloak (worn)
 B - a +3 ring mail (worn)
 H - a scarf of harm
 J - a +1 chain mail of poison resistance
 K - +0 acid dragon scales
Jewellery
 l - an amulet of the acrobat
 m - an amulet of faith
 z - an amulet of magic regeneration
Wands
 q - a wand of quicksilver (12)
 D - a wand of paralysis (4)
Scrolls
 f - a scroll of noise {unknown}
 h - a scroll of poison {unknown}
 i - 2 scrolls of fog {unknown}
 k - 3 scrolls of revelation {unknown}
 n - 4 scrolls of teleportation
 v - 2 scrolls of fear {unknown}
 x - 3 scrolls of amnesia {unknown}
 y - a scroll of torment {unknown}
 C - 3 scrolls of enchant weapon {unknown}
 E - a scroll of vulnerability {unknown}
 F - 2 scrolls of enchant armour {unknown}
Potions
 b - 2 potions of resistance
 j - 2 potions of might
 r - 4 potions of heal wounds
 t - 2 potions of brilliance
 u - 2 potions of ambrosia
 A - a potion of lignification
 I - a potion of invisibility
 L - a potion of cancellation {unknown}
 M - 2 potions of attraction {unknown}
Miscellaneous
 G - a lightning rod (4/4)


   Skills:
 + Level 11.9 Fighting
 - Level 3.1 Axes
 - Level 2.0 Throwing
 - Level 3.0 Dodging
 + Level 10.5 Unarmed Combat
 + Level 10.2 Invocations


You had 10 spell levels left.
You didn't know any spells.
Your spell library contained the following spells:

 Spells                   Type           Power      Damage    Failure   Level
 Freeze                   Ice            0%         1d3       61%         1
 Magic Dart               Conj           0%         1d3       61%         1
 Shock                    Conj/Air       0%         1d3       61%         1
 Blink                    Tloc           0%         N/A       75%         2
 Call Imp                 Summ           0%         N/A       75%         2
 Scorch                   Fire           0%         2d5       75%         2
 Sublimation of Blood     Necr           0%         N/A       75%         2
 Dazzling Flash           Conj/Hex       0%         N/A       93%         3
 Frozen Ramparts          Ice            0%         1d1       93%         3
 Hailstorm                Conj/Ice       0%         3d5       93%         3
 Mephitic Cloud           Conj/Alch/Air  0%         N/A       93%         3
 Swiftness                Air            0%         N/A       93%         3
 Airstrike                Air            0%         2d(0-16)  100%        4
 Flame Wave               Conj/Fire      0%         2d4       100%        4
 Petrify                  Alch/Erth      0%         N/A       100%        4
 Curse of Agony           Necr           0%         N/A       100%        5
 Irradiate                Conj/Alch      0%         3d11      100%        5
 Silence                  Hex/Air        0%         N/A       100%        5
 Summon Cactus Giant      Summ           0%         N/A       100%        6


Dungeon Overview and Level Annotations

Branches:
Dungeon (10/15)            Temple (1/1) D:7          Bailey (visited)
   Lair: D:8-11         Orc: D:9-12

Altars:
Ashenzari
Cheibriados
Dithmenos
Fedhas
Gozag
Hepliaklqana
Kikubaaqudgha
Makhleb
Nemelex Xobeh
Okawaru
Qazlal
Ru
Sif Muna
Trog
Uskayaw
Vehumet
Wu Jian
Xom
Yredelemnul

Shops:
D:2 =   D:3 *   D:5 (   D:6 :

Annotations:
D:9 1 transporter


Innate Abilities, Weirdness & Mutations

You are partially covered in thin metallic scales. (AC +2)
You regenerate magic rapidly.
A meltable shield of frost defends you. (SH +4)
Your presence sometimes corrodes those you injure.
Your touch may irresistibly damage your foes and sap their willpower.


Message History

You punch the yak!
You kill the yak!
Fedhas appreciates your contribution to the ecosystem.
You hit the yak.
The yak is lightly wounded.
You hit the yak.
The yak is moderately wounded.
The yak gores you but does no damage. x2
You hit the yak.
The yak is moderately wounded.
The yak gores you but does no damage. The yak gores you!
You hit the yak but do no damage.
The yak is moderately wounded.
The yak gores you!
* * * LOW HITPOINT WARNING * * *
The yak gores you but does no damage.
You punch the yak!
The yak is heavily wounded.
The yak misses you. The yak gores you but does no damage.
You hit the yak. Your touch misses the yak.
The yak is heavily wounded.
You hit the yak but do no damage.
The yak is heavily wounded.
The yak gores you but does no damage. The yak gores you!
* * * LOW HITPOINT WARNING * * *
Throw: throwing net
Press: ? - help, Q - select action, (/) - cycle Shift-Dir - straight line, f - yak
Aim: a yak (heavily wounded, 74% to hit)
You throw a throwing net. The throwing net hits the yak.
The yak is caught in the net!
The yak is heavily wounded.
The yak struggles against the net.
Unknown command.
As you read the scroll of teleportation, it crumbles to dust.
You feel strangely unstable.
The yak struggles against the net.
The yak gores you but does no damage.
The yak struggles against the net.
The yak attacks as it pursues you! The yak gores you!
You die...
Fedhas appreciates your contribution to the ecosystem.

#......# #..).<.#
#..))..# #......#
....#......#
#...#......#
#...#......#
+...#......#
#...#@.....#
#...#Y.....#
#...#Y.....#
##...##...††.....#
+....#...†#......#


YY. #....#....#......# ..Y..#....#....#......# Y.YY#....##...#......# #Y.
#...##...#####+## You could see 2 yaks.

Vanquished Creatures
  An orc warlord (Bailey)
  A two-headed ogre (D:9)
  A deep elf pyromancer (D:9)
  A kobold demonologist (D:6)
  A troll (D:9)
  2 raiju (D:7)
  A vampire (D:9)
  A wraith (D:9)
  16 yaks
  4 wyverns
  2 steam dragons
  An acid dragon (D:9)
  2 water moccasins (D:9)
  Edmund (D:4)
  2 ice beasts
  7 orc warriors
  A sky beast (D:8)
  2 black bears
  2 ogres (D:5)
  2 centaurs
  A phantom (D:5)
  2 kobold brigands (D:6)
  4 bullfrogs
  3 gnoll sergeants
  3 scorpions
  17 wights
  6 killer bees (D:9)
  6 electric eels
  4 howler monkeys (D:9)
  3 hounds
  2 jellies
  5 orc priests
  A bombardier beetle (D:3)
  A gnoll bouda (D:9)
  3 iguanas
  Ijyb (D:2)
  A sleepcap (D:4)
  Natasha (thrice) (D:4)
  4 orc wizards
  12 gnolls
  4 adders
  A shadow imp (D:6)
  A howler monkey simulacrum (D:9)
  2 ufetubi (D:5)
  2 dart slugs
  2 ribbon worms (D:4)
  37 orcs
  7 ball pythons
  6 bats
  6 endoplasms
  A giant cockroach (D:2)
  13 goblins
  11 hobgoblins
  8 jackals
  5 quokkas
  16 frilled lizards
  14 kobolds
  5 rats
274 creatures vanquished.

Vanquished Creatures (others)
  An orc wizard (D:9)
  4 orcs (D:7)
5 creatures vanquished.

Grand Total: 279 creatures vanquished

Notes
Turn   | Place    | Note
-------+----------+-------------------------------------------
     0 | D:1      | grandjackal the Demonspawn Gladiator began the quest for
                  | the Orb.
     0 | D:1      | Reached XP level 1. HP: 16/16 MP: 1/1
   276 | D:1      | Gained mutation: You are partially covered in thin metallic
                  | scales. (AC +2) [demonic ancestry]
   276 | D:1      | Reached XP level 2. HP: 20/22 MP: 2/2
   651 | D:2      | Gained mutation: Your touch may inflict minor irresistible
                  | damage on your foes. [demonic ancestry]
   651 | D:2      | Reached XP level 3. HP: 28/28 MP: 3/3
   889 | D:2      | Noticed Ijyb
   910 | D:2      | Killed Ijyb
   911 | D:2      | Reached skill level 3 in Fighting
   911 | D:2      | Reached skill level 1 in Unarmed Combat
   922 | D:2      | Reached XP level 4. HP: 35/35 MP: 4/4
  1132 | D:2      | Found Xogo's Jewellery Boutique.
  1676 | D:3      | Found Syreu's Assorted Antiques.
  1684 | D:3      | Bought a clear potion for 18 gold pieces
  2008 | D:4      | Noticed Edmund
  2025 | D:4      | Killed Edmund
  2026 | D:4      | Reached skill level 4 in Fighting
  2026 | D:4      | Reached XP level 5. HP: 29/42 MP: 5/5
  2149 | D:4      | Found a blossoming altar of Fedhas.
  2158 | D:4      | Reached XP level 6. HP: 49/49 MP: 6/6
  2335 | D:4      | Reached skill level 5 in Fighting
  2369 | D:4      | Found an iron altar of Okawaru.
  2552 | D:4      | Noticed Natasha
  2559 | D:4      | Killed Natasha
  2572 | D:4      | Noticed Natasha
  2580 | D:4      | Killed Natasha
  2865 | D:4      | Noticed Natasha
  2872 | D:4      | Killed Natasha
  3014 | D:5      | Entered Level 5 of the Dungeon
  3031 | D:5      | Gained mutation: Your touch may inflict irresistible damage
                  | on your foes. [demonic ancestry]
  3031 | D:5      | Reached XP level 7. HP: 34/56 MP: 7/7
  3126 | D:5      | Found Qeashixi's Weapon Shoppe.
  3412 | D:5      | Reached skill level 6 in Fighting
  3624 | D:5      | Found a sacrificial altar of Ru.
  3637 | D:5      | Reached skill level 5 in Unarmed Combat
  4407 | D:6      | Gained mutation: A meltable shield of frost defends you.
                  | (SH +4) [demonic ancestry]
  4407 | D:6      | Reached XP level 8. HP: 65/65 MP: 8/8
  4510 | D:6      | Found Ikaxeges's Book Shoppe.
  4561 | D:6      | Reached skill level 7 in Fighting
  4859 | D:6      | Noticed a kobold demonologist
  4877 | D:6      | Killed a kobold demonologist
  5165 | D:6      | Reached skill level 8 in Fighting
  5813 | D:6      | Gained mutation: You regenerate magic rapidly. [demonic
                  | ancestry]
  5813 | D:6      | Reached XP level 9. HP: 32/75 MP: 9/9
  6080 | D:7      | Found a staircase to the Ecumenical Temple.
  6093 | D:7      | Found a hide-covered altar of Uskayaw.
  6106 | Temple   | Entered the Ecumenical Temple
  6338 | D:4      | Became a worshipper of Fedhas Madash
  6497 | D:7      | Reached skill level 9 in Fighting
  6497 | D:7      | Reached skill level 1 in Invocations
  7392 | D:7      | Reached * piety under Fedhas
  7685 | D:7      | Found a basalt altar of Yredelemnul.
  8004 | D:8      | Found a stormy altar of Qazlal.
  8031 | D:8      | Reached skill level 5 in Invocations
  8081 | D:8      | Gained mutation: Your presence sometimes corrodes those you
                  | injure. [demonic ancestry]
  8081 | D:8      | Reached XP level 10. HP: 85/85 MP: 14/14
  8098 | D:8      | Found a flagged portal.
  8108 | Bailey   | Entered a bailey
  8113 | Bailey   | Noticed an orc warlord
  8175 | Bailey   | Reached skill level 10 in Fighting
  8369 | Bailey   | Reached ** piety under Fedhas
  8372 | Bailey   | Found a runed translucent gate.
  8387 | Bailey   | Found a runed translucent gate.
  8389 | Bailey   | Found a runed translucent gate.
  8470 | Bailey   | Killed an orc warlord
  8654 | Bailey   | Acquired 787 gold pieces
  8738 | D:8      | Found a shadowy altar of Dithmenos.
  8740 | D:8      | Found a shimmering blue altar of Sif Muna.
  8743 | D:8      | Found a broken altar of Ashenzari.
  9442 | D:8      | Found a radiant altar of Vehumet.
  9445 | D:8      | Found a sparkling altar of Nemelex Xobeh.
  9452 | D:8      | Found an ornate altar of the Wu Jian Council.
  9727 | D:8      | Reached skill level 11 in Fighting
  9850 | D:9      | Found a transporter.
 10000 | D:9      | Found a bloodstained altar of Trog.
 10170 | D:9      | Gained mutation: Your touch may irresistibly damage your
                  | foes and sap their willpower. [demonic ancestry]
 10170 | D:9      | Reached XP level 11. HP: 73/93 MP: 17/17
 10196 | D:9      | Reached *** piety under Fedhas
 10349 | D:9      | Reached skill level 10 in Unarmed Combat
 10994 | D:9      | Noticed a deep elf pyromancer
 11002 | D:9      | Killed a deep elf pyromancer
 11053 | D:9      | Noticed a two-headed ogre
 11069 | D:9      | Killed a two-headed ogre
 11408 | D:10     | Entered Level 10 of the Dungeon
 11521 | D:10     | Reached skill level 10 in Invocations
 11549 | D:10     | Slain by a yak

Illustrated notes

Levels and vault maps discovered:
D:1:      enne_arrival_octagon_isle, layout_basic, minmay_lizard_king
D:2:      kennysheep_the_goblin_king, layout_loops_ring, serial_shops,
          nicolae_shop_gaudy_bauble, minivault_27
D:3:      layout_basic, serial_shops, shop
D:4:      layout_cave_pods, nicolae_overflow_crystal_walls, okawaru_gym_becter,
          serial_bayou_pond_a, minmay_quantized, uniq_natasha, uniq_edmund
D:5:      layout_basic, mainiacjoe_overflow_tiny_flanked,
          nicolae_inconvenience_store, amcnicky_mini_rare_corridor_liquid
D:6:      layout_basic, serial_shops, nicolae_shop_peninsula, chequers_big_river
D:7:      layout_basic, eat_drink_and_be_merry_uskayaw,
          lemuel_coloured_pillars_altar, minmay_temple_entry_stoned_glass,
          nicolae_have_a_lightning_rod
D:8:      layout_basic, amcnicky_altar_gilded,
          chequers_temple_overflow_statue_of_worship,
          grunt_temple_overflow_diamond, enter_bailey_2,
          serial_library_hellmonk_filled_rooms
D:9:      nzn_winding_woodlands_medium [nzn_winding_woodlands_hourglass,
          nzn_winding_woodlands_5x15_jagged,
          nzn_winding_woodlands_5x5_checkerboard,
          nzn_winding_woodlands_5x5_closed_star,
          nzn_winding_woodlands_center_garden,
          nzn_winding_woodlands_5x5_perimeter,
          nzn_winding_woodlands_5x5_default, nzn_winding_woodlands_5x15_default,
          nzn_winding_woodlands_5x5_open_star], layout_basic, bloody_trog,
          serial_aquarium, aquarium_bridge_square [aquarium_subvault_bridge,
          aquarium_subvault_bridge, aquarium_subvault_window,
          aquarium_subvault_bridge], aquarium_window_fake, aquarium_window_fake,
          aquarium_view_2d, aquarium_balcony_5b, nicolae_diode_basic
D:10:     layout_gridville, orc_0_dummy, hangedman_weighted_door
Temple:   hellmonk_temple_micro_hex

Skill      XL: |  1  2  3  4  5  6  7  8  9 10 11 |
---------------+----------------------------------+-----
Throwing       | 2 |  2.0
Dodging        | 3 |  3.0
Axes           | 3 |  3.1
Fighting       | 3 4 5 6 8 9 11 | 11.9
Unarmed Combat | 1 2 3 4 5 7 8 9 10 | 10.5
Invocations    | 5 8 10 | 10.2

Action                     |  1- 3 |  4- 6 |  7- 9 | 10-12 || total
---------------------------+-------+-------+-------+-------++-------
  Melee: War axe           |    18 |       |       |       ||    18
         Punch             |     1 |     4 |    15 |    15 ||    35
         Dagger            |    70 |   167 |       |       ||   237
         Touch             |     6 |    25 |    63 |    69 ||   163
         Unarmed           |       |       |   313 |   350 ||   663
  Throw: Dart              |       |       |     2 |       ||     2
         Throwing net      |       |       |     1 |     2 ||     3
 Invoke: Wall of Briars    |       |       |       |     1 ||     1
  Evoke: Wand              |       |       |    10 |       ||    10
    Use: Potion            |     2 |       |     1 |     1 ||     4
         Scroll            |       |       |     1 |     9 ||    10
   Stab: Sleeping          |     1 |       |       |       ||     1
 Armour: Leather armour    |    34 |    12 |       |       ||    46
         Ring mail         |       |   107 |   204 |   189 ||   500
  Dodge: Dodged            |    50 |    99 |   142 |   139 ||   430
  Block: Other             |       |       |    39 |    47 ||    86

Table legend: (Time is in decaauts)
 A = Elapsed time spent in this place.
 B = Non-inter-level travel time spent in this place.
 C = Inter-level travel time spent in this place.
 D = Time resting spent in this place.
 E = Time spent auto-exploring this place.
 F = Levels seen in this place.
 G = Mean time per level.
                   A        B        C        D        E       F      G
               +--------+--------+--------+--------+--------+-----+--------+
         Total |  11494 |  10872 |    622 |   3123 |   5480 |  12 |  957.8 |
       Dungeon |  10867 |  10245 |    622 |   2805 |   5480 |  10 | 1086.7 |
        Temple |      1 |      1 |      0 |      0 |      0 |   1 |    1.0 |
        Bailey |    625 |    625 |      0 |    318 |      0 |   1 |  625.0 |
               +--------+--------+--------+--------+--------+-----+--------+

Top non-repeatable levels by time:
     D:6: 1947 daAuts
     D:9: 1692 daAuts
     D:7: 1530 daAuts
     D:8: 1185 daAuts
     D:5: 1167 daAuts
     D:4: 1162 daAuts
     D:3: 749 daAuts
     D:2: 700 daAuts
  Bailey: 625 daAuts
     D:1: 603 daAuts
    D:10: 128 daAuts
  Temple: 1 daAuts
